 Dungeon Crawl Stone Soup version 0.27.1-34-g3ba077fa99 (webtiles) character file.

Game seed: 204998363813018508

367 Sharkman1231 the Sneak (level 6, -1/47 HPs)
             Began as a Demonspawn Brigand on Jan 15, 2022.
             Splashed by a jelly's acid (11 damage)
             ... on level 4 of the Dungeon.
             The game lasted 00:04:05 (4047 turns).

Sharkman1231 the Sneak (Demonspawn Brigand)         Turns: 4047, Time: 00:04:05

Health: -1/47      AC:  6    Str: 11    XL:     6   Next: 41%
Magic:  9/9        EV: 16    Int: 14    God:
Gold:   137        SH:  0    Dex: 15    Spells: 9/9 levels left

rFire    . . .     SeeInvis .   a - +2 dagger
rCold    . . .     Faith    .   (no shield)
rNeg     . . .     Spirit   .   b - +0 robe
rPois    +         Reflect  .   n - +1 hat
rElec    .         Harm     .   c - +0 cloak
rCorr    .         Rampage  .   h - +1 pair of gloves
Will     .....                  (no boots)
Stlth    +++.......             (no amulet)
HPRegen  0.15/turn              f - ring of poison resistance
MPRegen  0.22/turn              l - +4 ring of evasion

@: no status effects
A: powered by pain 1, magic regeneration
a: no special abilities


You were on level 4 of the Dungeon.
You visited 1 branch of the dungeon, and saw 6 of its levels.

You collected 137 gold pieces.

Inventory:

Hand Weapons
 a - a +2 dagger (weapon)
Missiles
 d - 31 poisoned darts (quivered)
Armour
 b - a +0 robe (worn)
 c - a +0 cloak (worn)
 h - a +1 pair of gloves (worn)
 n - a +1 hat (worn)
Jewellery
 e - a ring of willpower
 f - a ring of poison resistance (left hand)
 l - a +4 ring of evasion (right hand)
Scrolls
 g - 2 scrolls of identify
 i - a scroll of enchant weapon
 k - 2 scrolls of magic mapping {unknown}
 m - a scroll of blinking {unknown}
 p - a scroll of vulnerability {unknown}
 r - a scroll of summoning {unknown}
Potions
 j - a potion of haste {unknown}
 o - 2 potions of flight {unknown}
 q - a potion of magic {unknown}


   Skills:
 + Level 3.5 Fighting
 + Level 3.1 Short Blades
 - Level 1.7 Throwing
 + Level 2.6 Dodging
 + Level 4.6 Stealth
 + Level 2.3 Spellcasting


You had 9 spell levels left.
You didn't know any spells.
Your spell library contained the following spells:

 Spells                   Type           Power      Damage    Failure   Level
 Passwall                 Tmut/Erth      0%         N/A       34%         2
 Swiftness                Air            1%         N/A       56%         3
 Invisibility             Hex            0%         N/A       100%        6


Dungeon Overview and Level Annotations

Branches:
Dungeon (6/15)             Temple (0/1) D:4

Altars:

Shops:
D:3 :   D:4 [   D:6 =

Annotations:
D:4 Blork the orc


Innate Abilities, Weirdness & Mutations

You sometimes gain a little power by taking damage.
You regenerate magic rapidly.


Message History

You can access your shopping list by pressing '$'.
Unknown command.
You hit the quokka.
The quokka is moderately wounded.
The quokka barely misses you.
You hit the quokka.
You kill the quokka!
You see here a quokka corpse.
There is a dry fountain here.
You see here a hobgoblin corpse.
You now have 137 gold pieces (gained 7).
Found a staircase to the Ecumenical Temple.
You see here a fuming clear potion.
o - 2 fuming clear potions (gained 1)
The orc shouts!
A ball python and a jelly come into view.
Found 19 arrows.
Found an escape hatch in the ceiling.
The orc wizard gestures wildly while chanting.
The orc wizard flickers and vanishes!
Deactivating autopickup; reactivate with Ctrl-A.
The black bear growls angrily.
The orc shouts!
You hear a shout!
You closely miss the ball python.
The ball python hisses angrily.
The ball python barely misses you. The ball python closely misses you.
You hit the ball python.
The ball python is severely wounded.
The jelly completely misses you.
Unknown command.
The jelly hits you.
You are splashed with acid!
The black bear barely misses you. The black bear claws you.
* * * LOW HITPOINT WARNING * * *
The black bear closely misses you. The ball python barely misses you. x2
You hit the jelly.
Your hands burn!
* * * LOW HITPOINT WARNING * * *
The jelly is lightly wounded.
The jelly hits you.
* * * LOW HITPOINT WARNING * * *
You are splashed with acid!
You die...

.#. .... .⌠.> ...#. .
..h .#.. ### .^.#.⌠
#.... ..### .....
...#.####...### #
#.#.#...#..........#
.##..... ............#
.....#.#####...o.....#
...............h@####
[........##...o.SJ..#
............#+++#.......
..........### ..(....
..8.8.8†...## .......
...⌠†⌠......# .......
..8.∩.8..#### .....<.
...⌠.⌠...# ...####
..8.8.8### ...#


You could see a black bear, a jelly, 2 orcs and a ball python.

Vanquished Creatures
  A yak (D:5)
  A jelly (D:5)
  A bullfrog skeleton (D:5)
  2 iguanas (D:5)
  5 adders
  A shadow imp (D:6)
  3 dart slugs
  3 orcs
  4 endoplasms
  A giant cockroach (D:1)
  A goblin (D:1)
  9 hobgoblins
  6 quokkas
  5 ball pythons
  A bat (D:2)
  4 frilled lizards
  5 kobolds
  3 rats
56 creatures vanquished.

Vanquished Creatures (others)
  14 plants (D:5)
14 creatures vanquished.

Grand Total: 70 creatures vanquished

Notes
Turn   | Place    | Note
-------+----------+-------------------------------------------
     0 | D:1      | Sharkman1231 the Demonspawn Brigand began the quest for the
                  | Orb.
     0 | D:1      | Reached XP level 1. HP: 16/16 MP: 1/1
   101 | D:1      | Reached skill level 1 in Dodging
   389 | D:1      | Gained mutation: You regenerate magic rapidly. [demonic
                  | ancestry]
   389 | D:1      | Reached XP level 2. HP: 15/22 MP: 2/2
   708 | D:1      | Found a faded altar of an unknown god.
  1656 | D:1      | Reached XP level 3. HP: 5/28 MP: 2/4
  2270 | D:2      | Reached skill level 4 in Stealth
  2270 | D:2      | Reached skill level 1 in Spellcasting
  2519 | D:2      | Reached XP level 4. HP: 34/34 MP: 5/5
  2935 | D:3      | Found Omisip's Book Shoppe.
  3024 | D:3      | You fall into a shaft and drop 3 floors!
  3138 | D:6      | Found Gaffelor's Jewellery Boutique.
  3207 | D:5      | Entered Level 5 of the Dungeon
  3242 | D:5      | Noticed a yak
  3242 | D:5      | Noticed a yak
  3242 | D:5      | Noticed a yak
  3242 | D:5      | Noticed a yak
  3256 | D:4      | Noticed Blork the orc
  3310 | D:5      | Noticed an ogre
  3506 | D:4      | Noticed a black bear
  3541 | D:5      | Reached XP level 5. HP: 36/41 MP: 7/7
  3909 | D:5      | Killed a yak
  3910 | D:5      | Gained mutation: You sometimes gain a little power by
                  | taking damage. [demonic ancestry]
  3910 | D:5      | Reached XP level 6. HP: 21/47 MP: 7/9
  4003 | D:4      | Found Maskuo's Armour Boutique.
  4032 | D:4      | Found a staircase to the Ecumenical Temple.
  4047 | D:4      | Splashed by a jelly's acid

Illustrated notes

Levels and vault maps discovered:
D:1:      lightli_arrival_farm, layout_basic,
          hellmonk_ecumenical_altar_heavens_door, kennysheep_boxes
D:2:      layout_loops_ring, minmay_misc_feat_square, serial_bayou_pond_c
D:3:      layout_basic, grunt_gozag_breadcrumbs, serial_shops,
          nicolae_shop_crystal, gammafunk_ghost_split, uniq_terence
D:4:      layout_rooms, lemuel_crystal_altar, minmay_temple_entry_sparse_star,
          serial_shops, nicolae_lakefront_shop,
          nicolae_shop_temple_entry_statues_fountains, shop_statue,
          kennysheep_cross_bottleneck, uniq_blork_the_orc, uniq_natasha
D:5:      layout_basic, led_xom_imps, chequers_big_river, st_stairs_7,
          uniq_eustachio, uniq_ijyb
D:6:      layout_loops_ring, serial_shops, nicolae_lakefront_shop,
          due_unseen_surprise, uniq_edmund

Skill      XL: |  1  2  3  4  5 |
---------------+----------------+-----
Dodging        | 1 2 |  2.6
Short Blades   | 2 3 |  3.1
Stealth        | 4 |  4.6
Spellcasting   | 1 2 |  2.3
Fighting       | 3 |  3.5
Throwing       | |  1.7

Action                   |  1- 3 |  4- 6 || total
-------------------------+-------+-------++-------
Melee: Dagger            |   138 |    89 ||   227
Throw: Dart              |     6 |    22 ||    28
  Use: Scroll            |       |     3 ||     3
 Stab: Sleeping          |     8 |     5 ||    13
       Distracted        |     1 |       ||     1
Armor: Robe              |    40 |    19 ||    59
Dodge: Dodged            |    90 |    75 ||   165
